 Dungeon Crawl Stone Soup version 0.30-a0-310-g7d6cbdfea6 (console) character file.

Game seed: 17815744552801678856

3650 petzl the Thaumaturge (level 10, -2/79 HPs)
             Began as a Formicid Delver on Oct 25, 2022.
             Was a Believer of Vehumet.
             Slain by a troll (10 damage)
             ... on level 10 of the Dungeon.
             The game lasted 00:36:07 (9135 turns).

petzl the Thaumaturge (Formicid Delver)             Turns: 9135, Time: 00:36:08

Health: -2/79      AC:  4    Str: 17    XL:     10   Next: 33%
Magic:  22/22      EV: 14    Int: 14    God:    Vehumet [**....]
Gold:   531        SH:  0    Dex: 19    Spells: 24/25 levels left

rFire   . . .      SeeInvis +    a - +8 hand axe {speed, Dex+4, !f =f}
rCold   + . .      Faith    .    (no shield)
rNeg    + . .      Spirit   .    b - +0 leather armour
rPois   .          Reflect  .    (helmet unavailable)
rElec   .          Harm     .    k - +0 cloak
rCorr   .          Rampage  .    (no gloves)
Will    +....                    (no boots)
Stlth   +++.......               (no amulet)
HPRegen 0.33/turn                x - ring of positive energy
MPRegen 0.18/turn                G - ring of protection from cold

@: no status effects
A: permanent stasis, dig shafts and tunnels, antennae 3, four strong arms
a: Dig, Shaft Self, Renounce Religion


You were on level 10 of the Dungeon.
You worshipped Vehumet.
Vehumet was pleased with you.
You visited 2 branches of the dungeon, and saw 12 of its levels.
You also visited: Sewer.

You collected 531 gold pieces.

Inventory:

Hand Weapons
 a - the +8 hand axe "Quenneli" (weapon) {speed, Dex+4, !f =f}
   (You found it on level 4 of the Dungeon)

   Attacks with this weapon are significantly faster.
   Dex:       It affects your dexterity (+4).
 w - a +4 quarterstaff of chaos
 K - a +0 flail of protection
 M - a -3 eveningstar
 N - a +1 whip of electrocution
Missiles
 g - a curare-tipped dart
 o - 18 poisoned darts (quivered)
 B - a throwing net
Armour
 b - a +0 leather armour (worn)
 k - a +0 cloak (worn)
Magical Staves
 A - a staff of poison
 E - a staff of cold
Jewellery
 m - an amulet of faith
 x - a ring of positive energy (left hand)
 C - a ring of magical power
 G - a ring of protection from cold (right hand)
 H - a ring of positive energy
 I - a ring of flight
Wands
 f - a wand of digging (3)
 v - a wand of roots (4)
 F - a wand of quicksilver (9)
Scrolls
 c - 6 scrolls of fog
 d - 2 scrolls of magic mapping
 e - 2 scrolls of fear
 h - 3 scrolls of identify
 p - 2 scrolls of brand weapon
 u - 2 scrolls of poison
 y - 3 scrolls of enchant weapon
 L - a scroll of amnesia
 O - a scroll of vulnerability
 P - a scroll of enchant armour {unknown}
Potions
 i - 2 potions of cancellation {unknown}
 j - 2 potions of flight {unknown}
 l - 2 potions of haste {unknown}
 n - 3 potions of might {unknown}
 q - 3 potions of mutation {unknown}
 r - a potion of attraction {unknown}
 s - 10 potions of curing {unknown}
 t - 2 potions of ambrosia {unknown}
 z - 2 potions of lignification {unknown}
 D - a potion of brilliance {unknown}
 J - a potion of heal wounds {unknown}


   Skills:
 + Level 7.4 Fighting
 - Level 2.3 Long Blades
 - Level 2.0 Axes
 - Level 3.0 Armour
 - Level 4.0 Dodging
 - Level 6.2 Stealth
 * Level 8.4 Spellcasting
 * Level 4.7 Conjurations
 - Level 3.0 Ice Magic
 + Level 2.8 Air Magic
 - Level 3.0 Poison Magic


You had 24 spell levels left.
You knew the following spells:

 Your Spells              Type           Power      Damage    Failure   Level
a - Shock                 Conj/Air       64%        1d7       3%          1

Your spell library contained the following spells:

 Spells                   Type           Power      Damage    Failure   Level
 Searing Ray              Conj           38%        2d5       3%          2
 Irradiate                Conj/Tmut      6%         3d13      83%         5
 Blade Hands              Tmut           2%         N/A       99%         5
 Dragon Form              Tmut           2%         N/A       100%        7
 Borgnjor's Revivificati  Necr           2%         N/A       100%        8
 Necromutation            Tmut/Necr      2%         N/A       100%        8
 Death's Door             Necr           2%         N/A       100%        9


Dungeon Overview and Level Annotations

Branches:
Dungeon (11/15)            Temple (1/1) D:5           Sewer (visited)
   Lair: D:8-11         Orc: D:9-12

Altars:
Ashenzari
Cheibriados
Dithmenos
Elyvilon
Fedhas
Gozag
Hepliaklqana
Makhleb
Nemelex Xobeh
Okawaru
Qazlal
Ru
Sif Muna
Trog
Uskayaw
Vehumet
Wu Jian
Xom
Yredelemnul
Zin
The Shining One

Shops:
D:2 =

Annotations:
D:4 exclusions: black bear and downstairs
D:6 Dowan, Duvessa
D:7 exclusion: upstairs, Menkaure
D:8 exclusion: two-headed ogre


Innate Abilities, Weirdness & Mutations

You cannot be hasted, slowed, berserked, paralysed or teleported.
You can dig through walls and to a lower floor.
You have a pair of large antennae on your head. (SInv)
Your four strong arms can wield two-handed weapons with a shield.


Message History

You hit the kobold.
You kill the kobold!
Vehumet accepts your kill.
You barely miss the kobold. The kobold closely misses you.
You slash the kobold!
You kill the kobold!
Vehumet accepts your kill.
P - a scroll labelled JANU JUZOENY
Items here: ( )) ? †.
You closely miss the troll. You slash the troll!
The troll is moderately wounded.
The troll bites you. The troll completely misses you. The troll claws you!
You closely miss the troll.
The troll is moderately wounded.
The troll closely misses you. x2; The troll misses you.
You slash the troll!
The troll is heavily wounded.
The troll bites you but does no damage. The troll claws you.
The troll misses you.
You closely miss the troll.
The troll is heavily wounded.
The troll bites you! The troll claws you but does no damage.
The troll claws you!
You hit the troll.
The troll is severely wounded.
You hit the troll.
The troll is severely wounded.
The troll barely misses you. x2; The troll closely misses you.
You hit the troll.
The troll is severely wounded.
The troll bites you. The troll claws you. The troll closely misses you.
You closely miss the troll.
The troll is severely wounded.
The troll misses you. The troll claws you! x2
* * * LOW HITPOINT WARNING * * *
You hit the troll.
The troll is almost dead.
The troll bites you!
* * * LOW HITPOINT WARNING * * *
The troll barely misses you. The troll claws you!
You die...

#### ###########
########..#############.........#
#.....##......................#
#.....##...#########<....#########
#..........###.......##### #....#
#..............##.....## #....#
#...........####....>..# #....#
#........T.............# #....#
#...........##.#.......# ##....#
#.....###.#.##.##.....## ##.....#
#########.#..#<##.....## #......#
#....#.)........<# ##......#
.##.T##.#.......###...##### ..
##@##.#.........#.#.# ##
#.##.##......#...#.#
#.##........####...##
.........##.##......######
...###...#...##.##.#....... {
..... #......... #.##...... ......
##.......###.##...... {#......
................... #.......
...........#.......
#......<...........
.?.................
...................
...................
..T................
...............####
.....#....###.... ##.###...##
##... ..# ###. . .


You could see a troll.

Vanquished Creatures
  Pikel (D:8)
  A hornet (D:7)
  A wraith (D:9)
  A steam dragon (D:9)
  4 water moccasins
  2 orc warriors (D:8)
  An ice beast (D:6)
  A sky beast (D:7)
  2 ogres
  A kobold brigand (D:9)
  3 bullfrogs (D:7)
  8 scorpions
  6 killer bees (D:9)
  A howler monkey (D:10)
  3 hounds
  4 jellies
  Crazy Yiuf (D:2)
  A gnoll bouda (D:7)
  2 orc priests (D:5)
  Jessica (D:2)
  Terence (D:2)
  An iguana (D:4)
  3 orc wizards
  9 gnolls
  10 adders
  2 white imps (D:7)
  2 ufetubi
  2 worms
  3 dart slugs
  16 orcs
  7 endoplasms
  4 giant cockroaches
  10 goblins
  3 hobgoblins
  8 quokkas
  10 ball pythons
  13 bats
  10 frilled lizards
  12 kobolds
  11 rats
182 creatures vanquished.

Vanquished Creatures (others)
  A killer bee (D:9)
  8 fungi (D:7)
9 creatures vanquished.

Grand Total: 191 creatures vanquished

Notes
Turn   | Place    | Note
-------+----------+-------------------------------------------
     0 | D:5      | petzl the Formicid Delver began the quest for the Orb.
     0 | D:5      | Reached XP level 1. HP: 18/18 MP: 1/1
     8 | D:4      | Identified the +8 hand axe "Quenneli" {speed, Dex+4}
    74 | D:3      | Reached XP level 2. HP: 24/24 MP: 2/2
   128 | D:2      | Noticed a scorpion
   140 | D:2      | Found Affaaboa's One-of-a-Kind Rings.
   249 | D:1      | Reached XP level 3. HP: 24/29 MP: 3/3
   377 | D:1      | Reached skill level 1 in Spellcasting
   400 | D:1      | Reached XP level 4. HP: 37/37 MP: 5/5
   535 | D:1      | Reached skill level 1 in Armour
  1297 | D:2      | Noticed Terence
  1304 | D:2      | Reached skill level 1 in Axes
  1305 | D:2      | Killed Terence
  1306 | D:2      | Reached XP level 5. HP: 32/42 MP: 7/7
  1423 | D:2      | Noticed Jessica
  1430 | D:2      | Killed Jessica
  1431 | D:2      | Reached skill level 2 in Spellcasting
  1489 | D:2      | Found a runed translucent door.
  1490 | D:2      | Noticed Crazy Yiuf
  1719 | D:2      | Reached XP level 6. HP: 44/48 MP: 9/9
  1783 | D:2      | Killed Crazy Yiuf
  2473 | D:4      | Reached skill level 3 in Spellcasting
  2520 | D:4      | Noticed a black bear
  2893 | D:4      | Reached XP level 7. HP: 38/55 MP: 11/11
  3605 | D:5      | Found a staircase to the Ecumenical Temple.
  3620 | D:5      | Reached skill level 4 in Spellcasting
  3636 | Temple   | Entered the Ecumenical Temple
  3734 | Temple   | Became a worshipper of Vehumet
  3887 | D:5      | Reached skill level 5 in Fighting
  3950 | D:5      | Reached XP level 8. HP: 62/62 MP: 14/14
  4208 | D:5      | Reached skill level 5 in Spellcasting
  4579 | D:6      | Found a glowing drain.
  4599 | Sewer    | Entered a sewer
  5007 | D:6      | Noticed Duvessa
  5085 | D:6      | Reached skill level 6 in Spellcasting
  5140 | D:6      | Reached * piety under Vehumet
  5140 | D:6      | Offered knowledge of Shock by Vehumet.
  5150 | D:6      | Learned a level 1 spell: Shock
  5283 | D:6      | Noticed Dowan
  5465 | D:7      | Found a burning altar of Makhleb.
  5702 | D:7      | Reached skill level 1 in Poison Magic
  5727 | D:7      | Reached skill level 1 in Conjurations
  5824 | D:7      | Reached XP level 9. HP: 55/69 MP: 18/18
  5921 | D:7      | Noticed a hornet
  5930 | D:7      | Killed a hornet
  5931 | D:7      | Reached skill level 1 in Ice Magic
  5931 | D:7      | Reached skill level 1 in Air Magic
  6151 | D:7      | Reached skill level 7 in Spellcasting
  6254 | D:7      | Found a sparkling altar of Nemelex Xobeh.
  6254 | D:7      | Noticed Menkaure
  6261 | D:7      | You fall into a shaft and drop 3 floors!
  6261 | D:10     | Entered Level 10 of the Dungeon
  6301 | D:9      | Found a shadowy altar of Dithmenos.
  7243 | D:7      | Offered knowledge of Searing Ray by Vehumet.
  7335 | D:7      | Found an opulent altar of Gozag.
  7408 | D:8      | Noticed a two-headed ogre
  7449 | D:8      | Noticed Pikel
  7469 | D:8      | Killed Pikel
  7470 | D:8      | Reached XP level 10. HP: 48/79 MP: 21/21
  7487 | D:8      | You fall into a shaft and drop 3 floors!
  7761 | D:9      | Found a basalt altar of Yredelemnul.
  7768 | D:9      | Reached ** piety under Vehumet
  7769 | D:9      | Reached skill level 8 in Spellcasting
  7784 | D:9      | You fall into a shaft and drop 2 floors!
  8028 | D:9      | You fall into a shaft and drop 1 floor!
  8714 | D:9      | Noticed a cyclops
  8770 | D:8      | You fall into a shaft and drop 1 floor!
  9135 | D:10     | Slain by a troll

Illustrated notes

Levels and vault maps discovered:
D:1:      tarquinn_simple_flora_water_f, layout_loops_ring
D:2:      minmay_door_path, layout_basic, nicolae_shop_unique_rings,
          uniq_jessica, uniq_terence, uniq_crazy_yiuf_cottage
D:3:      layout_rooms, minmay_fractal_squares_diagonal_5
D:4:      layout_basic
D:5:      layout_rooms, minmay_temple_entry_waves
D:6:      layout_cave_pools, portal_sewer_entry_a, hangedman_decor_growths,
          uniq_duvessa
D:7:      old_forge, layout_loops_ring, grunt_temple_overflow_opulence,
          lightli_temple_of_fire, uniq_menkaure
D:8:      layout_basic, tgw_kikubaaqudgha, dilly_guarded_unrand_elemental_staff,
          uniq_pikel
D:9:      layout_cave_pools, mainiacjoe_overflow_large_starburst,
          kennysheep_generic_room_7
D:10:     layout_rooms, nicolae_shop_firing_range
D:11:     layout_cave_pools, erik_lair_island, serial_shops, shop
Temple:   minmay_temple_bridge_d

Skill      XL: |  1  2  3  4  5  6  7  8  9 10 |
---------------+-------------------------------+-----
Dodging        | 2 3 4 |  4.0
Spellcasting   | 1 2 3 4 6 7 8 |  8.4
Armour         | 1 2 3 |  3.0
Axes           | 1 2 |  2.0
Fighting       | 4 5 6 7 |  7.4
Poison Magic   | 1 3 |  3.0
Conjurations   | 1 3 4 |  4.7
Ice Magic      | 2 3 |  3.0
Air Magic      | 2 |  2.8
Long Blades    | |  2.3
Stealth        | |  6.2

Action                   |  1- 3 |  4- 6 |  7- 9 | 10-12 || total
-------------------------+-------+-------+-------+-------++-------
Melee: Hand axe          |    41 |   110 |   300 |   104 ||   555
       Punch             |     1 |     1 |     6 |     3 ||    11
Throw: Dart              |       |     1 |    18 |       ||    19
 Abil: Dig               |       |       |     3 |     1 ||     4
       Shaft Self        |       |       |     1 |     4 ||     5
Evoke: Wand              |       |       |     2 |     3 ||     5
  Use: Scroll            |       |       |     7 |     1 ||     8
 Stab: Sleeping          |     6 |    15 |     6 |       ||    27
       Distracted        |       |     1 |       |     1 ||     2
       Held in net/web   |       |       |     1 |       ||     1
Armor: Leather armour    |    11 |    17 |    44 |    11 ||    83
Dodge: Dodged            |    21 |    45 |   165 |    98 ||   329

Table legend: (Time is in decaauts)
 A = Elapsed time spent in this place.
 B = Non-inter-level travel time spent in this place.
 C = Inter-level travel time spent in this place.
 D = Time resting spent in this place.
 E = Time spent auto-exploring this place.
 F = Levels seen in this place.
 G = Mean time per level.
                   A        B        C        D        E       F      G
               +--------+--------+--------+--------+--------+-----+--------+
         Total |   9036 |   8698 |    338 |   2014 |   3767 |  13 |  695.1 |
       Dungeon |   8558 |   8307 |    251 |   1793 |   3693 |  11 |  778.0 |
        Temple |    171 |     84 |     87 |      0 |     74 |   1 |  171.0 |
         Sewer |    306 |    306 |      0 |    221 |      0 |   1 |  306.0 |
               +--------+--------+--------+--------+--------+-----+--------+

Top non-repeatable levels by time:
     D:7: 1535 daAuts
     D:4: 1240 daAuts
     D:2: 1013 daAuts
     D:9: 779 daAuts
     D:5: 723 daAuts
     D:1: 718 daAuts
     D:6: 656 daAuts
     D:3: 571 daAuts
    D:10: 546 daAuts
     D:8: 389 daAuts
    D:11: 384 daAuts
   Sewer: 306 daAuts
  Temple: 171 daAuts
